[Event "Austrian Women Bundesliga 2023-24"]
[Site "Austria"]
[Date "2024.03.23"]
[Round "5.19"]
[White "Vidic, Teja"]
[Black "Ushenina, Anna"]
[Result "1/2-1/2"]
[ECO "C47"]
[WhiteElo "2125"]
[BlackElo "2415"]
[Annotator "TA"]
[PlyCount "66"]
[EventDate "2023.11.21"]
[EventType "team-tourn"]
[EventCountry "AUT"]
[SourceTitle "playchess.com"]
[Source "ChessBase"]
[SourceQuality "1"]
[TimeControl "40/5400+30:1800+30"]

1. e4 e5 2. Nf3 Nc6 3. Nc3 Nf6 4. d4 exd4 5. Nxd4 Bb4 6. Nxc6 bxc6 7. Bd3 d5 8. exd5 O-O 9. O-O cxd5 10. h3 c6 11. Qf3 Rb8 12. Bf4 Bd6 13. b3 Re8 14. Ne2 Be5 15. Rad1 Bd7 16. c4 Qa5 17. Bxe5 Rxe5 18. Qf4 Rbe8 19. Qd2 Qxd2 20. Rxd2 c5 21. cxd5 Rxd5 22. Rfd1 Kf8 23. Kf1 h6 24. Nc3 Rd4 25. Bc4 {[%emt 0:05:57] Es drohte Nd5} Rxd2 26. Rxd2 Bc6 27. f3 Rc8 28. Nb5 Bxb5 29. Bxb5 Ke7 30. Bc4 Rc7 31. Kf2 Nd7 32. Ke3 Nb6 33. Rc2 Rc6 {[%emt 0:00:52] Gewichteter Fehlerwert: Weiß=0.06 (makellos) /Schwarz=0.07 (makellos) .  Ungenau:       	Weiß=1     	Schwarz=2     OK:         	Weiß=8     	Schwarz=7     Bester:       	---       	Schwarz=1} 1/2-1/2

[Event "Austrian Women Bundesliga 2023-24"]
[Site "Austria"]
[Date "2024.03.23"]
[Round "5.20"]
[White "Matnadze Bujiashvili, Ann"]
[Black "Kolba, Anastasiya"]
[Result "1-0"]
[ECO "D02"]
[WhiteElo "2359"]
[BlackElo "2031"]
[Annotator "RC"]
[PlyCount "65"]
[EventDate "2023.11.21"]
[EventType "team-tourn"]
[EventCountry "AUT"]
[SourceTitle "playchess.com"]
[Source "ChessBase"]
[SourceQuality "1"]
[TimeControl "40/5400+30:1800+30"]

1. d4 d5 2. Nf3 Nf6 3. g3 c6 4. Bg2 e6 5. O-O Bd6 6. c4 Nbd7 7. Qb3 O-O 8. Nc3 dxc4 9. Qxc4 e5 10. Rd1 Qc7 11. Bg5 h6 12. Bxf6 Nxf6 13. dxe5 Bxe5 14. Nxe5 Qxe5 15. Qb4 Rb8 16. Qa3 a6 17. Qd6 Qxd6 18. Rxd6 Re8 19. Rad1 Bg4 20. f3 Be6 21. e4 Re7 22. f4 Ne8 23. R6d4 f6 24. Bf3 Kf8 25. a4 a5 26. Bh5 Bf7 27. Bg4 Be6 28. Bxe6 Rxe6 29. f5 Re7 30. Ne2 g5 31. fxg6 f5 32. Rd7 fxe4 33. Rf1+ 1-0

[Event "Austrian Women Bundesliga 2023-24"]
[Site "Austria"]
[Date "2024.03.24"]
[Round "6.1"]
[White "Brunello, Marina"]
[Black "Danielian, Elina"]
[Result "1/2-1/2"]
[ECO "B40"]
[WhiteElo "2358"]
[BlackElo "2396"]
[Annotator "RC"]
[PlyCount "85"]
[EventDate "2023.11.21"]
[EventType "team-tourn"]
[EventCountry "AUT"]
[SourceTitle "playchess.com"]
[Source "ChessBase"]
[SourceQuality "1"]
[TimeControl "40/5400+30:1800+30"]

1. e4 c5 2. Nf3 e6 3. d4 cxd4 4. Nxd4 Nf6 5. Nc3 Nc6 6. Ndb5 Bb4 7. a3 Bxc3+ 8. Nxc3 d5 9. exd5 exd5 10. Bd3 O-O 11. O-O d4 12. Ne4 Bf5 13. Bg5 Bxe4 14. Bxe4 h6 15. Bh4 g5 16. Bxc6 bxc6 17. Bg3 Qd5 18. Qd3 Ne4 19. Rad1 Rad8 20. Rfe1 Rfe8 21. Qa6 h5 22. Qxa7 Rd7 23. Qa6 h4 24. f3 hxg3 25. Rxe4 gxh2+ 26. Kxh2 Rxe4 27. fxe4 Qe5+ 28. Kg1 Rd6 29. Qc8+ Kg7 30. Qf5 Qxf5 31. exf5 Kf6 32. b4 Kxf5 33. a4 Ke4 34. Kf2 f5 35. a5 Rd7 36. Ke2 Re7 37. Ra1 Kd5+ 38. Kd3 Re3+ 39. Kd2 Kc4 40. a6 Re8 41. Ra5 Kxb4 42. Rxf5 Ra8 43. Rxg5 1/2-1/2

[Event "Austrian Women Bundesliga 2023-24"]
[Site "Austria"]
[Date "2024.03.24"]
[Round "6.2"]
[White "Osmak, Yuliia"]
[Black "Gueci, Tea"]
[Result "1-0"]
[ECO "D35"]
[WhiteElo "2452"]
[BlackElo "2193"]
[Annotator "TA"]
[PlyCount "131"]
[EventDate "2023.11.21"]
[EventType "team-tourn"]
[EventCountry "AUT"]
[SourceTitle "playchess.com"]
[Source "ChessBase"]
[SourceQuality "1"]
[TimeControl "40/5400+30:1800+30"]

1. d4 d5 2. c4 e6 3. Nc3 Nf6 4. cxd5 exd5 5. Bg5 c6 6. e3 h6 7. Bh4 Be7 8. Bd3 O-O 9. Qc2 Re8 10. Nge2 a5 11. O-O Na6 12. a3 {[%emt 0:00:40] Es drohte Nb4} Nc7 {[%emt 0:00:05] Die Stellung ist ausgeglichen.} 13. Rad1 Ne6 14. Rfe1 b5 15. h3 Ba6 16. Bf5 b4 17. axb4 axb4 18. Bxe6 bxc3 19. Bf5 cxb2 20. Qxb2 Ne4 21. Bxe7 Qxe7 22. Bxe4 Qxe4 23. Nc3 Qg6 24. Ra1 Rab8 25. Qd2 Bc8 26. Ne2 Bf5 (26... Bxh3 27. Nf4 Qf5 28. Nxh3 $18) 27. Ra6 Ra8 (27... Bxh3 28. Nf4 Qf6 29. Nxh3 $18) 28. Nf4 Qd6 29. Qa5 Rxa6 30. Qxa6 Rb8 31. Rc1 Rb1 32. Rxb1 Bxb1 $14 {[%emt 0:00:10][%mdl 4096] Endspiel. KQB-KQN} 33. Qc8+ Kh7 34. Qb7 Bg6 35. h4 {[%emt 0:00:11] Droht stark h5.} Qf6 36. Qc7 Bf5 37. Nh5 Qg6 38. Ng3 (38. Nf4 $5 Qf6 $8 39. Nh5 $11) 38... Bd3 39. Qe7 Bb5 40. Qe5 Bd3 {[%emt 0:00:41] Wehrt Nf5 ab} 41. Qe7 Bb5 42. Kh2 Qe6 43. Qxe6 fxe6 $11 {[%emt 0:00:00] KB-KN} 44. Kh3 g6 ({Günstiger ist} 44... Kg6 $11) 45. Kg4 {[%emt 0:00:00] Kf4 ist eine echte Drohung.} Kg7 46. h5 $1 gxh5+ 47. Nxh5+ Kg6 {[%emt 0:00:00] [#]} 48. Ng3 (48. Kh4 $1 $16) 48... e5 49. dxe5 $16 c5 50. f4 {[%emt 0:00:04] Droht f5+ und aus.} h5+ 51. Kf3 (51. Kh4 $16 Bd7 52. Nxh5) 51... h4 $11 52. Ne2 Kf5 53. g4+ hxg3 54. Nxg3+ Ke6 55. Nh5 Bd3 56. Nf6 Bb5 {[%emt 0:03:31] Wehrt Ne8 ab} 57. Kf2 Kf5 $2 {[%emt 0:00:33][%mdl 8192] [#] Führt Schwarz ins Verderben.} (57... d4 $11) 58. Nxd5 {[%emt 0:00:17] Weiß setzt Matt.} Bd3 59. Nc3 c4 60. Kf3 Bf1 61. e4+ Ke6 62. Ke3 Bh3 63. Kd4 Bf1 64. f5+ Ke7 65. Nd5+ Kd7 66. Nb6+ {[%emt 0:00:06] Gewichteter Fehlerwert: Weiß=0.07 (makellos) /Schwarz=0.19 (sehr präzise) .  Verlustzug:     	---       	Schwarz=1     Fehler:       	Weiß=2     	Schwarz=2     Ungenau:       	Weiß=2     	Schwarz=3     OK:         	Weiß=16    	Schwarz=18    Bester:       	Weiß=3     	Schwarz=4     Stark:        	Weiß=1     	---} 1-0

[Event "Austrian Women Bundesliga 2023-24"]
[Site "Austria"]
[Date "2024.03.24"]
[Round "6.3"]
[White "Khrapko, Marharyta"]
[Black "Ushenina, Anna"]
[Result "0-1"]
[ECO "B12"]
[WhiteElo "2218"]
[BlackElo "2415"]
[Annotator "RC"]
[PlyCount "122"]
[EventDate "2023.11.21"]
[EventType "team-tourn"]
[EventCountry "AUT"]
[SourceTitle "playchess.com"]
[Source "ChessBase"]
[SourceQuality "1"]
[TimeControl "40/5400+30:1800+30"]

1. e4 c6 2. d4 d5 3. f3 dxe4 4. fxe4 e5 5. Nf3 Bg4 6. c3 Nd7 7. Bd3 Ngf6 8. O-O Bd6 9. Na3 b5 10. Nc2 Qc7 11. h3 Bh5 12. Ne3 O-O 13. Nf5 Rfe8 14. Qc2 Bg6 15. N3h4 Bf8 16. Bg5 a6 17. Rae1 c5 18. dxe5 Nxe5 19. Bxf6 gxf6 20. c4 Rad8 21. Be2 Qb7 22. b3 Nc6 23. Bf3 Re5 24. Qc1 Nd4 25. Nh6+ Bxh6 26. Qxh6 Qe7 27. Qf4 f5 28. Nxg6 hxg6 29. h4 Re8 30. cxb5 axb5 31. h5 fxe4 32. hxg6 fxg6 33. Bd1 Kg7 34. b4 cxb4 35. Bb3 Nxb3 36. axb3 Qc5+ 37. Qe3 Rc8 38. Qxc5 Rcxc5 39. Ra1 Rc3 40. Ra7+ Kh6 41. Rff7 e3 42. Rfe7 Rxe7 43. Rxe7 Kg5 44. Kf1 Rxb3 45. Ke2 Kf4 46. Rf7+ Kg4 47. Rg7 g5 48. g3 Rc3 49. Rb7 Rc5 50. Re7 Kxg3 51. Re4 g4 52. Kxe3 Rc4 53. Re5 Kg2 54. Rxb5 g3 55. Ke2 Rf4 56. Rb8 Re4+ 57. Kd3 Kf3 58. Rg8 Rf4 59. Re8 g2 60. Re3+ Kf2 61. Re2+ Kg3 0-1

[Event "Austrian Women Bundesliga 2023-24"]
[Site "Austria"]
[Date "2024.03.24"]
[Round "6.4"]
[White "Matnadze Bujiashvili, Ann"]
[Black "Stangl, Anita"]
[Result "1-0"]
[ECO "A40"]
[WhiteElo "2359"]
[BlackElo "2070"]
[Annotator "RC"]
[PlyCount "107"]
[EventDate "2023.11.21"]
[EventType "team-tourn"]
[EventCountry "AUT"]
[SourceTitle "playchess.com"]
[Source "ChessBase"]
[SourceQuality "1"]
[TimeControl "40/5400+30:1800+30"]

1. d4 e6 2. c4 d5 3. Nf3 c6 4. Qc2 dxc4 5. Qxc4 Nf6 6. g3 Be7 7. Bg2 O-O 8. O-O b5 9. Qc2 Qb6 10. a4 a5 11. Bg5 h6 12. Bxf6 Bxf6 13. axb5 Qxb5 14. Nc3 Qb6 15. Na4 Qb5 16. Rfc1 Ba6 17. e3 Qb4 18. Nc5 Bb5 19. Ne1 a4 20. Qc3 Qxc3 21. bxc3 e5 22. c4 Ba6 23. dxe5 Bxe5 24. Rxa4 Bb7 25. Rxa8 Bxa8 26. Ned3 Bf6 27. Rc2 Rd8 28. Bh3 Bb7 29. Ra2 Bc8 30. Bxc8 Rxc8 31. Ra8 Rd8 32. Kf1 Be7 33. Ke2 Rf8 34. Ra7 Re8 35. h4 Kf8 36. Ra8 Bd6 37. f4 f5 38. h5 Kf7 39. Kf3 Re7 40. Nb3 Nd7 41. c5 Bc7 42. Nd4 Nf6 43. Nxc6 Re4 44. Nd4 g6 45. Ra7 Nd5 46. hxg6+ Kxg6 47. Nxf5 Rc4 48. e4 Rc3 49. exd5 Kxf5 50. g4+ Kf6 51. Rxc7 Rxd3+ 52. Ke4 Rd1 53. Rc6+ Kg7 54. Re6 1-0

[Event "Austrian Women Bundesliga 2023-24"]
[Site "Austria"]
[Date "2024.03.24"]
[Round "6.5"]
[White "Teuschler, Barbara"]
[Black "Unuk, Laura"]
[Result "1/2-1/2"]
[ECO "C55"]
[WhiteElo "2048"]
[BlackElo "2341"]
[Annotator "RC"]
[PlyCount "93"]
[EventDate "2023.11.21"]
[EventType "team-tourn"]
[EventCountry "AUT"]
[SourceTitle "playchess.com"]
[Source "ChessBase"]
[SourceQuality "1"]
[TimeControl "40/5400+30:1800+30"]

1. e4 e5 2. Nf3 Nc6 3. Bc4 Nf6 4. d3 d5 5. exd5 Nxd5 6. O-O Nb6 7. Bb3 Bg4 8. Re1 Be7 9. Nbd2 Qd7 10. Nf1 O-O-O 11. h3 Bxf3 12. Qxf3 f5 13. Be3 Rhf8 14. a4 Nd5 15. a5 a6 16. Ba4 Qd6 17. Bd2 Nd4 18. Qd1 g5 19. b4 Bf6 20. Rb1 Nf4 21. Ne3 Bh8 22. Nc4 Qd5 23. Ne3 Qe6 24. b5 axb5 25. Bxb5 Nxb5 26. Rxb5 Qc6 27. Rb4 Rd4 28. f3 Rxb4 29. Bxb4 Rf7 30. Nc4 g4 31. hxg4 fxg4 32. Nxe5 Bxe5 33. Rxe5 b5 34. axb6 Qxb6+ 35. Bc5 Qc6 36. Qe1 Ng6 37. Re8+ Kd7 38. Bf2 gxf3 39. gxf3 Nf4 40. Bg3 Qg6 41. Re4 Ne6 42. Kg2 Nf4+ 43. Kg1 Ne6 44. Kf2 Qf6 45. Qe3 h5 46. Rh4 Qf5 47. Qe4 1/2-1/2

[Event "Austrian Women Bundesliga 2023-24"]
[Site "Austria"]
[Date "2024.03.24"]
[Round "6.6"]
[White "Hrescak, Ivana"]
[Black "Mandukhai, Myagmarsuren"]
[Result "1-0"]
[ECO "D45"]
[WhiteElo "2089"]
[BlackElo "2083"]
[Annotator "NA RC"]
[PlyCount "111"]
[EventDate "2023.11.21"]
[EventType "team-tourn"]
[EventCountry "AUT"]
[SourceTitle "playchess.com"]
[Source "ChessBase"]
[SourceQuality "1"]
[TimeControl "40/5400+30:1800+30"]

1. d4 d5 2. c4 c6 3. Nf3 Nf6 4. e3 e6 5. Nc3 Nbd7 6. Qc2 Bd6 7. Be2 O-O 8. O-O b6 9. e4 dxe4 10. Nxe4 Nxe4 11. Qxe4 Nf6 12. Qxc6 Rb8 13. Qa4 Qc7 14. h3 Bb7 15. Bd2 Rfd8 16. Be3 Bc6 17. Qb3 Ba8 18. Qc2 e5 19. dxe5 Bxe5 20. Rad1 Qc6 21. b3 Rbc8 22. Qf5 Re8 23. a4 Bb8 24. Rfe1 Re5 25. Qd3 Re6 26. Kf1 Rce8 27. Qc2 h6 28. Rd4 Be5 29. Rdd1 Bd6 30. c5 Qc7 31. Bc4 Rxe3 32. Rxe3 Qxc5 33. Rxe8+ Nxe8 34. Qd3 Be7 35. Re1 Nf6 36. Re5 Qa3 37. Qf5 Bb7 38. Re1 Bb4 39. Rd1 Be4 40. Qc8+ Kh7 41. Bxf7 Bc5 42. Ne5 h5 43. Nd7 Qb2 44. Nxc5 bxc5 45. Qxc5 a6 46. Re1 Bc2 47. Kg1 Bd3 48. Re3 Qb1+ 49. Kh2 Bf5 50. Re5 g6 51. Qe7 Qc1 52. Re3 Ng8 53. Bxg8+ Kxg8 54. Qb7 Be6 55. Rxe6 Qf4+ 56. g3 1-0

[Event "Austrian Women Bundesliga 2023-24"]
[Site "Austria"]
[Date "2024.03.24"]
[Round "6.7"]
[White "Stadlinger, Lea"]
[Black "Vidic, Teja"]
[Result "0-1"]
[ECO "D00"]
[WhiteElo "1936"]
[BlackElo "2125"]
[Annotator "RC"]
[PlyCount "76"]
[EventDate "2023.11.21"]
[EventType "team-tourn"]
[EventCountry "AUT"]
[SourceTitle "playchess.com"]
[Source "ChessBase"]
[SourceQuality "1"]
[TimeControl "40/5400+30:1800+30"]

1. d4 d5 2. Bf4 Nf6 3. e3 c5 4. dxc5 Nc6 5. c3 e5 6. Bg5 Bxc5 7. Nf3 Be6 8. Nbd2 O-O 9. Bb5 e4 10. Nd4 Nxd4 11. exd4 Be7 12. O-O Ne8 13. Bxe7 Qxe7 14. Qe2 Nd6 15. Ba4 f5 16. f3 b5 17. Bc2 Rac8 18. fxe4 fxe4 19. Nb3 Qg5 20. Rxf8+ Rxf8 21. Rf1 Rxf1+ 22. Qxf1 Bg4 23. Bd1 Qe3+ 24. Kh1 Bxd1 25. Qxd1 Qf2 26. Nc5 Nf5 27. h3 Qxb2 28. Qg4 Qc1+ 29. Kh2 g6 30. Nd7 Kg7 31. Nc5 h5 32. Qe2 Qf4+ 33. Kg1 Qc1+ 34. Kh2 h4 35. Ne6+ Kf6 36. Nc5 Ng3 37. Qf2+ Ke7 38. Qg1 Qxc3 0-1

[Event "Austrian Women Bundesliga 2023-24"]
[Site "Austria"]
[Date "2024.03.24"]
[Round "6.8"]
[White "Kolba, Anastasiya"]
[Black "Bakalarz, Grazyna"]
[Result "1/2-1/2"]
[ECO "C47"]
[WhiteElo "2031"]
[BlackElo "1923"]
[Annotator "NA RC"]
[PlyCount "64"]
[EventDate "2023.11.21"]
[EventType "team-tourn"]
[EventCountry "AUT"]
[SourceTitle "playchess.com"]
[Source "ChessBase"]
[SourceQuality "1"]
[TimeControl "40/5400+30:1800+30"]

1. e4 e5 2. Nc3 Nf6 3. Nf3 Nc6 4. d4 exd4 5. Nxd4 Bb4 6. Nxc6 bxc6 7. Bd3 O-O 8. O-O d5 9. exd5 cxd5 10. Bg5 Bxc3 11. bxc3 h6 12. Bh4 Qd6 13. Bg3 Qc5 14. Qf3 Bg4 15. Qf4 Qxc3 16. Qxc7 Qxc7 17. Bxc7 Rfe8 18. Rfe1 Bd7 19. Rxe8+ Rxe8 20. Rb1 Ne4 21. f3 Nc5 22. Bb5 Rc8 23. Bd6 Bf5 24. Rd1 Be6 25. Be5 a6 26. Bd3 Nxd3 27. cxd3 Rc2 28. a3 Bd7 29. d4 Bb5 30. Bd6 Ra2 31. Bb4 Bc4 32. Rd2 Rxd2 1/2-1/2

[Event "Austrian Women Bundesliga 2023-24"]
[Site "Austria"]
[Date "2024.03.24"]
[Round "6.9"]
[White "Terbe, Julianna"]
[Black "Mihelic, Vesna"]
[Result "1/2-1/2"]
[ECO "E04"]
[WhiteElo "2289"]
[BlackElo "2140"]
[Annotator "RC"]
[PlyCount "98"]
[EventDate "2023.11.21"]
[EventType "team-tourn"]
[EventCountry "AUT"]
[SourceTitle "playchess.com"]
[Source "ChessBase"]
[SourceQuality "1"]
[TimeControl "40/5400+30:1800+30"]

1. d4 d5 2. c4 e6 3. Nf3 Nf6 4. g3 dxc4 5. Bg2 Bb4+ 6. Nbd2 O-O 7. Qc2 c5 8. dxc5 Nc6 9. O-O Bxc5 10. Nxc4 Nb4 11. Qd2 b5 12. a3 Nbd5 13. Na5 Ne4 14. Qe1 b4 15. Nb3 bxa3 16. Nxc5 Nxc5 17. Rxa3 Qb6 18. Ne5 Bb7 19. Nc4 Qc7 20. e4 Ba6 21. Rxa6 Nxa6 22. exd5 Qxc4 23. dxe6 Rab8 24. exf7+ Rxf7 25. Qa5 Nb4 26. Be3 Rb5 27. Qa4 a6 28. Rc1 Qe6 29. Bf1 Nd5 30. Bxb5 axb5 31. Qd4 Qf5 32. Qd2 h6 33. Rc5 Qb1+ 34. Qc1 Qd3 35. Qc2 Qxc2 36. Rxc2 Nxe3 37. fxe3 Rd7 38. Kf2 Rd3 39. Kf3 Rb3 40. Ke4 Kf7 41. Kd4 Ke6 42. e4 Rb4+ 43. Kc5 Rb3 44. Kd4 Rb4+ 45. Ke3 Ke5 46. Rc5+ Kd6 47. Rd5+ Ke6 48. Rd2 Ke5 49. Rd5+ Ke6 1/2-1/2

[Event "Austrian Women Bundesliga 2023-24"]
[Site "Austria"]
[Date "2024.03.24"]
[Round "6.10"]
[White "Goeschl, Ortrun"]
[Black "Terbe, Zsuzsanna"]
[Result "0-1"]
[ECO "A00"]
[WhiteElo "1952"]
[BlackElo "2178"]
[Annotator "RC"]
[PlyCount "72"]
[EventDate "2023.11.21"]
[EventType "team-tourn"]
[EventCountry "AUT"]
[SourceTitle "playchess.com"]
[Source "ChessBase"]
[SourceQuality "1"]
[TimeControl "40/5400+30:1800+30"]

1. Nc3 d5 2. e4 d4 3. Nce2 e5 4. Ng3 Be6 5. c3 Nc6 6. Nf3 d3 7. Qa4 Qd6 8. b4 f6 9. b5 Nd8 10. c4 h5 11. h4 Nh6 12. Qb3 Ng4 13. Bxd3 Qb6 14. Rf1 Bc5 15. Nh1 Bf7 16. a4 a5 17. Ba3 Ne6 18. g3 O-O-O 19. Bc2 Rd7 20. Qc3 Rhd8 21. Rd1 Bd4 22. Nxd4 exd4 23. Qb2 d3 24. Bb1 Nh2 25. Rc1 Nc5 26. Bxc5 Qxc5 27. f3 Re8 28. Nf2 Nxf3+ 29. Kd1 Nh2 30. Nxd3 Rxd3 31. Bxd3 Nxf1 32. Bxf1 Rxe4 33. d3 Re3 34. d4 Qf5 35. Be2 Rxg3 36. Qd2 Rg1+ 0-1

[Event "Austrian Women Bundesliga 2023-24"]
[Site "Austria"]
[Date "2024.03.24"]
[Round "6.11"]
[White "Karacsonyi, Kata"]
[Black "Tscharnuter, Alexandra"]
[Result "1-0"]
[ECO "C78"]
[WhiteElo "2137"]
[BlackElo "1842"]
[Annotator "RC"]
[PlyCount "77"]
[EventDate "2023.11.21"]
[EventType "team-tourn"]
[EventCountry "AUT"]
[SourceTitle "playchess.com"]
[Source "ChessBase"]
[SourceQuality "1"]
[TimeControl "40/5400+30:1800+30"]

1. e4 e5 2. Nf3 Nc6 3. Bb5 a6 4. Ba4 Nf6 5. O-O b5 6. Bb3 Be7 7. d3 O-O 8. Bd5 Nxd5 9. exd5 Nb4 10. c4 bxc4 11. dxc4 e4 12. Ne1 a5 13. Nc3 f5 14. a3 Na6 15. d6 Bxd6 16. Qd5+ Kh8 17. Qxa8 c6 18. g3 Qc7 19. Bf4 Bxf4 20. gxf4 Kg8 21. Nb5 cxb5 22. Qd5+ Kh8 23. cxb5 Nc5 24. Rc1 d6 25. b4 axb4 26. axb4 Bb7 27. Qd4 Qf7 28. bxc5 Qg6+ 29. Ng2 dxc5 30. Qxc5 Re8 31. Qe3 Rd8 32. Rfd1 Rd3 33. Qa7 Bd5 34. Qb8+ Bg8 35. Rxd3 exd3 36. Rc8 Qe6 37. Rxg8+ Qxg8 38. Qc8 Qf8 39. Qxf8# 1-0

[Event "Austrian Women Bundesliga 2023-24"]
[Site "Austria"]
[Date "2024.03.24"]
[Round "6.12"]
[White "Zeber, Katja"]
[Black "Exler, Veronika"]
[Result "0-1"]
[ECO "B10"]
[WhiteElo "1789"]
[BlackElo "2157"]
[Annotator "RC"]
[PlyCount "80"]
[EventDate "2023.11.21"]
[EventType "team-tourn"]
[EventCountry "AUT"]
[SourceTitle "playchess.com"]
[Source "ChessBase"]
[SourceQuality "1"]
[TimeControl "40/5400+30:1800+30"]

1. e4 c6 2. Nc3 d5 3. exd5 cxd5 4. d4 Nf6 5. Nf3 Bg4 6. Be2 Nc6 7. Bf4 a6 8. Ne5 Bxe2 9. Nxe2 e6 10. c3 Nxe5 11. Bxe5 Be7 12. O-O O-O 13. Ng3 g6 14. Re1 b5 15. a3 a5 16. Qf3 Re8 17. h4 h5 18. Bf4 Ng4 19. Bg5 Bxg5 20. hxg5 Qxg5 21. Nf1 Rab8 22. b4 a4 23. Ne3 Nf6 24. Rac1 Rec8 25. Qh3 Ne4 26. Nf1 Qf4 27. Qe3 Qxe3 28. Rxe3 Rc6 29. f3 Nd6 30. Ng3 Nc4 31. Re2 Nxa3 32. Ra2 Nc4 33. Ne2 Rbc8 34. Kf2 Kg7 35. Nf4 Nd6 36. Ne2 Nf5 37. Rac2 g5 38. Ng3 Nxd4 39. cxd4 Rxc2+ 40. Rxc2 Rxc2+ 0-1

[Event "Austrian Women Bundesliga 2023-24"]
[Site "Austria"]
[Date "2024.03.24"]
[Round "6.13"]
[White "Polterauer, Chiara"]
[Black "Katter, Katharina"]
[Result "1/2-1/2"]
[ECO "B23"]
[WhiteElo "2194"]
[BlackElo "1932"]
[Annotator "RC"]
[PlyCount "77"]
[EventDate "2023.11.21"]
[EventType "team-tourn"]
[EventCountry "AUT"]
[SourceTitle "playchess.com"]
[Source "ChessBase"]
[SourceQuality "1"]
[TimeControl "40/5400+30:1800+30"]

1. e4 c5 2. Nc3 a6 3. Nge2 d6 4. g3 e5 5. Bg2 Ne7 6. d3 g6 7. Bg5 Qa5 8. O-O Nd7 9. Bxe7 Bxe7 10. Nd5 Qd8 11. Nec3 O-O 12. Nxe7+ Qxe7 13. Nd5 Qd8 14. f4 Nb6 15. Ne3 f6 16. h4 exf4 17. Rxf4 Be6 18. Qf3 Nd7 19. g4 Ne5 20. Qg3 Qb6 21. b3 c4 22. dxc4 Nxg4 23. Re1 h5 24. Kh1 g5 25. Rff1 gxh4 26. Qf4 Qd4 27. Bh3 Qe5 28. Bxg4 hxg4 29. Nxg4 Qxf4 30. Rxf4 Bxg4 31. Rxg4+ Kf7 32. Rxh4 Rh8 33. Rxh8 Rxh8+ 34. Kg2 Ke6 35. Kg3 Ke5 36. c3 Rg8+ 37. Kf3 Rh8 38. Kg3 Rg8+ 39. Kf3 1/2-1/2

[Event "Austrian Women Bundesliga 2023-24"]
[Site "Austria"]
[Date "2024.03.24"]
[Round "6.14"]
[White "Batyte, Daiva"]
[Black "Schloffer, Jasmin-Denise"]
[Result "1-0"]
[ECO "A05"]
[WhiteElo "2046"]
[BlackElo "2167"]
[Annotator "RC"]
[PlyCount "67"]
[EventDate "2023.11.21"]
[EventType "team-tourn"]
[EventCountry "AUT"]
[SourceTitle "playchess.com"]
[Source "ChessBase"]
[SourceQuality "1"]
[TimeControl "40/5400+30:1800+30"]

1. Nf3 Nf6 2. b3 e6 3. Bb2 b6 4. g3 Bb7 5. Bg2 Be7 6. O-O O-O 7. c4 c5 8. Nc3 d6 9. e3 Nbd7 10. d4 a6 11. Re1 Qc7 12. e4 cxd4 13. Nxd4 Rfe8 14. h3 Rac8 15. a4 Qb8 16. a5 bxa5 17. Rxa5 d5 18. exd5 exd5 19. Rxe7 Rxe7 20. Nxd5 Bxd5 21. Bxd5 Qb4 22. Ra4 Re1+ 23. Kg2 Qe7 24. Qd2 Nxd5 25. cxd5 Qe4+ 26. Nf3 Re2 27. Rb4 Qd4 28. Rxd4 Re3 29. Re4 Rxe4 30. Ng5 Ree8 31. Qd3 g6 32. Qd4 f6 33. Ne4 Rf8 34. Ba3 1-0

[Event "Austrian Women Bundesliga 2023-24"]
[Site "Austria"]
[Date "2024.03.24"]
[Round "6.15"]
[White "Wu, Min"]
[Black "Katter, Marlene"]
[Result "1/2-1/2"]
[ECO "C01"]
[WhiteElo "1938"]
[BlackElo "1902"]
[Annotator "RC"]
[PlyCount "128"]
[EventDate "2023.11.21"]
[EventType "team-tourn"]
[EventCountry "AUT"]
[SourceTitle "playchess.com"]
[Source "ChessBase"]
[SourceQuality "1"]
[TimeControl "40/5400+30:1800+30"]

1. e4 e6 2. d4 d5 3. exd5 exd5 4. Nf3 Bd6 5. c4 c6 6. Nc3 Nf6 7. Bd3 dxc4 8. Bxc4 O-O 9. O-O Bg4 10. h3 Bf5 11. Nh4 Be6 12. Bxe6 fxe6 13. Qe2 Re8 14. Nf3 Nd5 15. Ne4 Bf4 16. Nc5 Qe7 17. Qe4 Bxc1 18. Raxc1 b6 19. Nd3 Nf6 20. Qe2 Qd6 21. Nde5 a6 22. Qc4 Rc8 23. Qb3 Nd5 24. Nc4 Qd8 25. Rfe1 b5 26. Ne3 Ra7 27. Nxd5 exd5 28. Qe3 Rf7 29. Ne5 Rf8 30. Ng4 Re8 31. Qg3 Kh8 32. Ne5 Rf8 33. Qg4 Qd6 34. Qh5 Kg8 35. Re2 Nd7 36. Nxd7 Qxd7 37. Rce1 Rf7 38. Re6 Rcf8 39. f3 Rf5 40. Qh4 Rf4 41. Qg3 R4f7 42. Qg5 Qa7 43. Qe3 Qd7 44. Rc1 Rc8 45. Qe5 Kf8 46. Re1 Rd8 47. h4 Kg8 48. h5 h6 49. Qg3 Kh8 50. Qg6 Rc8 51. Kf1 a5 52. b3 Kg8 53. Qg3 Kf8 54. Qg6 Kg8 55. Rc1 Rf4 56. Rexc6 Rxc6 57. Rxc6 Rxd4 58. Ra6 Qc8 59. Re6 Qc1+ 60. Re1 Rd1 61. Qe8+ Kh7 62. Qg6+ Kg8 63. Qe6+ Kh7 64. Qg6+ Kg8 1/2-1/2

[Event "Austrian Women Bundesliga 2023-24"]
[Site "Austria"]
[Date "2024.03.24"]
[Round "6.16"]
[White "Landl, Margot"]
[Black "Heinrich, Vanessa"]
[Result "0-1"]
[ECO "B06"]
[WhiteElo "1962"]
[BlackElo "1773"]
[Annotator "NA RC"]
[PlyCount "76"]
[EventDate "2023.11.21"]
[EventType "team-tourn"]
[EventCountry "AUT"]
[SourceTitle "playchess.com"]
[Source "ChessBase"]
[SourceQuality "1"]
[TimeControl "40/5400+30:1800+30"]

1. e4 g6 2. d4 Bg7 3. Nc3 d6 4. f4 a6 5. Nf3 b5 6. Bd3 Nd7 7. Ne2 c5 8. c3 Qc7 9. O-O h6 10. e5 cxd4 11. e6 Nc5 12. exf7+ Kxf7 13. Nexd4 Nxd3 14. Qxd3 Bxd4+ 15. Nxd4 Qc5 16. Qf3 Rb8 17. Be3 Bb7 18. Qh3 Qh5 19. Qe6+ Kf8 20. f5 Nf6 21. fxg6 Qxg6 22. Rxf6+ exf6 23. Qxd6+ Kg7 24. Ne6+ Kf7 25. Nf4 Qe4 26. Bc5 Rbe8 27. Qd7+ Kg8 28. Qg4+ Kf7 29. Qh5+ Kg8 30. Rf1 Re5 31. Qg4+ Rg5 32. Qh3 Rxc5 33. Ne6 Re5 34. Qg3+ Rg5 35. Qb8+ Kf7 36. Nxg5+ hxg5 37. Qc7+ Kg6 38. Qg3 Qe5 0-1

[Event "Austrian Women Bundesliga 2023-24"]
[Site "Austria"]
[Date "2024.03.24"]
[Round "6.17"]
[White "Novkovic, Julia"]
[Black "Berke, Ana"]
[Result "1/2-1/2"]
[ECO "C68"]
[WhiteElo "2096"]
[BlackElo "2066"]
[Annotator "NA RC"]
[PlyCount "60"]
[EventDate "2023.11.21"]
[EventType "team-tourn"]
[EventCountry "AUT"]
[SourceTitle "playchess.com"]
[Source "ChessBase"]
[SourceQuality "1"]
[TimeControl "40/5400+30:1800+30"]

1. e4 e5 2. Nf3 Nc6 3. Bb5 a6 4. Bxc6 dxc6 5. Nc3 Bd6 6. d4 Bg4 7. dxe5 Bxf3 8. Qxf3 Bxe5 9. Bf4 Qe7 10. Bxe5 Qxe5 11. Qg3 Qxg3 12. hxg3 Nf6 13. f3 Rd8 14. Rd1 Rxd1+ 15. Nxd1 h5 16. Ne3 g6 17. Kf2 Ke7 18. Rd1 Rd8 19. Rxd8 Kxd8 20. Ke2 Ke7 21. Kd3 Nd7 22. b3 c5 23. f4 c6 24. Kc4 b5+ 25. Kd3 Kd6 26. c4 Ke6 27. Nf1 Nf6 28. Nd2 Nd7 29. Nf3 f6 30. Kc3 Kf7 1/2-1/2